 Dungeon Crawl Stone Soup version 0.27-a0-1154-gfdeffcb720 (webtiles) character file.

Game seed: 15727946840257944945

15812 chippings the Carver (level 12, -6/91 HPs)
             Began as a Mummy Gladiator on May 14, 2021.
             Was a High Priest of Okawaru.
             Mangled by a black mamba (13 damage)
             ... on level 1 of the Lair of Beasts.
             The game lasted 00:33:43 (11782 turns).

chippings the Carver (Mummy Gladiator)             Turns: 11782, Time: 00:33:43

Health: -6/91      AC:  7    Str: 24    XL:     12   Next: 4%
Magic:  21/21      EV: 14    Int:  8    God:    Okawaru [*****.]
Gold:   361        SH:  0    Dex: 17    Spells: 13/23 levels left

rFire    . . .     SeeInvis .   I - +7 great sword "Wele" {flame, rC+}
rCold    + + .     Faith    .   (shield currently unavailable)
rNeg     + + +     Spirit   .   k - +2 troll leather armour {Purgy}
rPois    ∞         Reflect  .   c - +0 helmet
rElec    .         Harm     .   (no cloak)
rCorr    .         Rampage  .   (no gloves)
Will     +....                  (no boots)
Stlth    +++.......             o - amulet of the acrobat
HPRegen  1.25/turn              b - ring of Xaqoad {rF+ Str+6}
MPRegen  0.17/turn              l - ring of wizardry

@: no status effects
A: cold resistance 1, negative energy resistance 3, torment resistance 2, heat
vulnerability 1, no potions
a: Renounce Religion, Heroism, Finesse


You were on level 1 of the Lair of Beasts.
You worshipped Okawaru.
Okawaru was extremely pleased with you.
You visited 3 branches of the dungeon, and saw 13 of its levels.
You also visited: Sewer.

You collected 529 gold pieces.
You spent 168 gold pieces at shops.

Inventory:

Hand Weapons
 a - a +3 long sword of freezing
 H - a +2 great sword of draining
 I - the +7 great sword "Wele" (weapon) {flame, rC+}
   (Okawaru gifted it to you on level 1 of the Lair of Beasts)

   It has been specially enchanted to burn those struck by it, causing extra
   injury to most foes and up to half again as much damage against particularly
   susceptible opponents.
   Big, fiery blades are also staple armaments of hydra-hunters.
   It protects you from cold.
Missiles
 d - a throwing net
 f - 2 silver boomerangs
 i - 12 javelins (quivered)
 p - 8 curare-tipped darts
 A - 22 poisoned darts
 B - 6 boomerangs
 G - 5 atropa-tipped darts
Armour
 c - a +0 helmet (worn)
 h - the +1 leather armour of the Known World {Harm rElec Str-3 Dex+4 Slay+3}
   (You took it off an orc on level 4 of the Dungeon)

   It affects your strength (-3).
   It affects your dexterity (+4).
   It affects your accuracy and damage with ranged weapons and melee attacks
   (+3).
   It insulates you from electricity.
   It increases damage dealt and taken.
 k - a +2 troll leather armour (worn) {Purgy}
 x - the +9 scale mail "Tiysuc" {Will+}
   (You took it off a wight on level 7 of the Dungeon)

   It increases your willpower.
 y - a +2 scale mail of fire resistance
Magical Staves
 s - a staff of death
Jewellery
 b - the ring of Xaqoad (left hand) {rF+ Str+6}
   (You found it on level 4 of the Dungeon)

   [ring of strength]

   It affects your strength (+6).
   It protects you from fire.
 l - a ring of wizardry (right hand)
 o - an amulet of the acrobat (around neck)
 E - a ring of see invisible
Wands
 q - a wand of paralysis (5)
 w - a wand of mindburst (4)
 C - a wand of iceblast (4)
Scrolls
 e - a scroll of immolation
 g - 2 scrolls of amnesia
 j - a scroll of summoning
 n - 4 scrolls of teleportation
 r - 5 scrolls of identify
 t - a scroll of blinking
 u - a scroll of brand weapon
 v - a scroll of vulnerability
 z - 3 scrolls of magic mapping
 D - a scroll of fog {unknown}
 F - a scroll of enchant weapon
Miscellaneous
 m - a piece from Xom's chessboard (15/15)


   Skills:
 + Level 7.6 Fighting
 * Level 9.7 Long Blades
 + Level 4.3 Throwing
 + Level 5.0 Dodging
 - Level 4.0 Stealth
 - Level 6.0 Spellcasting
 - Level 2.0 Translocations
 - Level 2.0 Transmutations
 - Level 2.0 Fire Magic
 - Level 2.0 Poison Magic
 - Level 6.0 Invocations
 + Level 5.2 Evocations


You had 13 spell levels left.
You knew the following spells:

 Your Spells              Type           Power      Damage    Failure   Level
a - Corona                Hex            2%         N/A       11%         1
b - Blink                 Tloc           N/A        N/A       8%          2
c - Sting                 Tmut/Pois      20%        1d4       4%          1
d - Ignite Poison         Fire/Tmut/Pois 5%         N/A       14%         3
e - Mephitic Cloud        Conj/Pois/Air  3%         N/A       26%         3

Your spell library contained the following spells:

 Spells                   Type           Power      Damage    Failure   Level
 Magic Dart               Conj           8%         1d3       11%         1
 Summon Small Mammal      Summ           8%         N/A       11%         1
 Poisonous Vapours        Pois/Air       8%         N/A       11%         2
 Call Imp                 Summ           2%         N/A       16%         2
 Ensorcelled Hibernation  Hex/Ice        4%         N/A       16%         2
 Slow                     Hex            2%         N/A       16%         2
 Conjure Flame            Conj/Fire      4%         6-21      21%         3
 Call Canine Familiar     Summ           2%         N/A       32%         3
 Confusing Touch          Hex            2%         N/A       32%         3
 Dazzling Flash           Conj/Hex       4%         N/A       32%         3
 Summon Guardian Golem    Hex/Summ       2%         N/A       32%         3
 Tukima's Dance           Hex            2%         N/A       32%         3
 Olgreb's Toxic Radiance  Pois           5%         N/A       41%         4
 Summon Ice Beast         Ice/Summ       2%         N/A       69%         4
 Summon Lightning Spire   Summ/Air       2%         N/A       69%         4
 Silence                  Hex/Air        1%         N/A       95%         5
 Conjure Ball Lightning   Conj/Air       1%         3x3d6     100%        6
 Tornado                  Air            1%         N/A       100%        9


Dungeon Overview and Level Annotations

Branches:
Dungeon (10/15)            Temple (1/1) D:4            Lair (2/6) D:8
  Sewer (visited)
  Swamp: Lair:2-4    Shoals: Lair:2-4     Snake: Lair:2-4    Spider: Lair:2-4
    Orc: D:9-12

Altars:
Ashenzari
Cheibriados
Dithmenos
Elyvilon
Fedhas
Gozag
Hepliaklqana
Kikubaaqudgha
Makhleb
Nemelex Xobeh
Okawaru
Qazlal
Ru
Sif Muna
Trog
Uskayaw
Vehumet
Wu Jian
Xom
Yredelemnul
Zin
The Shining One

Shops:
D:4 *

Annotations:
D:10 exclusion: orange crystal statue


Innate Abilities, Weirdness & Mutations

You are immune to poison.
Your flesh is cold resistant. (rC+)
You are immune to negative energy. (rN+++)
You are immune to unholy pain and torment.
You are vulnerable to heat. (rF-)
You do not drink.


Message History

The hell rat closely misses you.
The black mamba moves out of view.
There is a stone staircase leading up here.
The black mamba barely misses you. The hell rat bites you!
The hell rat closely misses you.
You riposte.
You barely miss the hell rat. The hell rat closely misses you.
The black mamba bites you!
You climb upwards.
There is a stone staircase leading down here.
Unknown command.
You closely miss the hell rat. The black mamba bites you.
The hell rat closely misses you.
You riposte.
You slice the hell rat!! You burn the hell rat.
You kill the hell rat!
Okawaru accepts your kill.
The hell rat bites you but does no damage. x2
The black mamba misses you. The hell rat barely misses you.
You slash the hell rat! You burn the hell rat.
The hell rat is almost dead.
The black mamba barely misses you.
You riposte.
You hit the black mamba. You burn the black mamba.
The black mamba is lightly wounded.
The hell rat completely misses you.
You riposte.
You hit the hell rat. You burn the hell rat.
You kill the hell rat!
Okawaru accepts your kill. The black mamba barely misses you.
The hell rat bites you but does no damage.
The black mamba closely misses you.
You riposte.
You miss the black mamba.
The black mamba is lightly wounded.
You see here a hell rat corpse.
The black mamba completely misses you. The black mamba bites you!
The black mamba misses you. The black mamba bites you!
* * * LOW HITPOINT WARNING * * *
You barely miss the black mamba.
The black mamba is lightly wounded.
The black mamba bites you!
* * * LOW HITPOINT WARNING * * *
The black mamba bites you!
You die...

.#######....#
..P##.#.....##
.............# ###
.######.....## ### ####.#
.#### ##....# ##.####...##
.#..#####.### #..[†......#
.#.....#..# ##.##.#...##
.#.###.##.#######.#####.##
...# #....>†..rS@..# #.#
.### ####.######÷.#####.#
.# #..# ###.####.##.# ##
##.###...........# #
######..##.#####.###.#
####P#.##..#...# ### ###
...........##.##
....#####..##.# ### ###
##..#####..##.###.#######.#


You could see a black mamba and a hell rat.

Vanquished Creatures
  2 two-headed ogres
  A deep elf pyromancer (D:10)
  Joseph (Lair:1)
  3 cane toads (Lair:1)
  Maggie (Lair:1)
  3 komodo dragons (Lair:1)
  A troll (D:9)
  2 polar bears (Lair:1)
  A hornet (D:7)
  9 blink frogs (Lair:1)
  Sigmund (D:4)
  A vampire (D:10)
  17 yaks
  2 wyverns (D:7)
  A basilisk (D:8)
  3 steam dragons
  Edmund (D:4)
  8 water moccasins
  An acid dragon (D:10)
  Duvessa (D:6)
  2 orc warriors
  Purgy (D:3)
  4 sky beasts
  2 black bears
  An ice beast (D:6)
  4 centaurs
  A phantom (D:7)
  6 kobold brigands
  A gnoll sergeant (D:5)
  A wyvern zombie (D:8)
  4 bullfrogs
  2 water moccasin zombies
  2 scorpions
  A water moccasin skeleton (D:5)
  Dowan (D:6)
  9 killer bees
  13 wights
  2 electric eels (D:9)
  8 howler monkeys
  A lava snake (D:10)
  2 centaur zombies
  A bullfrog zombie (D:6)
  A gnoll shaman (D:4)
  4 orc priests
  2 hounds (D:7)
  An iguana (D:6)
  9 orc wizards
  4 hell rats (Lair:1)
  A killer bee zombie (D:8)
  A hound zombie (D:3)
  2 hound skeletons (D:4)
  8 adders
  13 gnolls
  A howler monkey skeleton (D:6)
  4 river rats
  2 white imps
  3 worms
  An adder zombie (D:5)
  2 dart slugs
  33 orcs
  10 ball pythons
  6 bats
  9 endoplasms
  5 giant cockroaches
  4 goblins
  8 hobgoblins
  13 jackals
  7 quokkas
  4 frilled lizards
  36 kobolds
  28 rats
351 creatures vanquished.

Vanquished Creatures (others)
  An orc (D:7)
  7 fungi
  48 plants
56 creatures vanquished.

Grand Total: 407 creatures vanquished

Notes
Turn   | Place    | Note
-------+----------+-------------------------------------------
     0 | D:1      | chippings the Mummy Gladiator began the quest for the Orb.
     0 | D:1      | Reached XP level 1. HP: 16/16 MP: 1/1
   317 | D:1      | Reached XP level 2. HP: 9/22 MP: 2/2
   856 | D:1      | Reached XP level 3. HP: 16/27 MP: 3/3
  1512 | D:1      | Found a faded altar of an unknown god.
  1586 | D:2      | Reached skill level 1 in Stealth
  1748 | D:2      | Reached skill level 3 in Long Blades
  2359 | D:2      | Reached XP level 4. HP: 34/34 MP: 4/4
  2767 | D:3      | Reached XP level 5. HP: 30/39 MP: 5/5
  3337 | D:3      | Found an ancient bone altar of Kikubaaqudgha.
  3381 | D:3      | Noticed Purgy
  3427 | D:3      | Killed Purgy
  3433 | D:3      | Reached XP level 6. HP: 27/47 MP: 6/6
  3782 | D:4      | Noticed Edmund
  3928 | D:4      | Identified the ring of Xaqoad {rF+ Str+6}
  3951 | D:4      | Killed Edmund
  3952 | D:4      | Reached skill level 4 in Long Blades
  3978 | D:4      | Noticed a sky beast
  3992 | D:4      | Killed a sky beast
  3993 | D:4      | Reached XP level 7. HP: 48/52 MP: 7/7
  4021 | D:4      | Identified the +1 leather armour of the Known World {Harm
                  | rElec Str-3 Dex+4 Slay+3}
  4062 | D:4      | Noticed Sigmund
  4069 | D:4      | Killed Sigmund
  4088 | D:4      | Found a staircase to the Ecumenical Temple.
  4096 | Temple   | Entered the Ecumenical Temple
  4162 | Temple   | Became a worshipper of Warmaster Okawaru
  4372 | D:4      | Found a shimmering altar of Xom.
  4529 | D:4      | Found Uschosyll's Assorted Antiques.
  4532 | D:4      | Bought a scroll labelled WOOTUR QIEPRER for 28 gold pieces
  4534 | D:4      | Bought a thick filigree amulet for 140 gold pieces
  4558 | D:4      | Found an ornate altar of the Wu Jian Council.
  4779 | D:5      | Entered Level 5 of the Dungeon
  4952 | D:5      | Reached skill level 5 in Long Blades
  4998 | D:5      | Found a blossoming altar of Fedhas.
  5057 | D:5      | Reached skill level 1 in Invocations
  5170 | D:5      | Reached XP level 8. HP: 46/60 MP: 8/8
  5259 | D:5      | Found a glowing drain.
  5277 | Sewer    | Entered a sewer
  5493 | Sewer    | Reached * piety under Okawaru
  6274 | D:6      | Noticed Dowan
  6283 | D:6      | Noticed Duvessa
  6359 | D:6      | Reached skill level 6 in Long Blades
  6370 | D:6      | Reached skill level 1 in Evocations
  6417 | D:6      | Killed Dowan
  6440 | D:6      | Killed Duvessa
  6447 | D:6      | Found a shadowy altar of Dithmenos.
  6526 | D:6      | Reached ** piety under Okawaru
  6527 | D:6      | Reached XP level 9. HP: 34/66 MP: 11/11
  7128 | D:7      | Identified the +9 scale mail "Tiysuc" {Will+}
  7316 | D:7      | Reached skill level 5 in Fighting
  7529 | D:7      | Reached skill level 7 in Long Blades
  7562 | D:7      | Reached *** piety under Okawaru
  7594 | D:7      | Learned a level 1 spell: Corona
  7597 | D:7      | Learned a level 2 spell: Blink
  7763 | D:7      | Found a radiant altar of Vehumet.
  7908 | D:8      | Reached skill level 1 in Spellcasting
  8089 | D:8      | Reached XP level 10. HP: 72/76 MP: 13/13
  8099 | D:8      | Found a staircase to the Lair.
  8182 | D:7      | Reached **** piety under Okawaru
  8322 | D:8      | Noticed a two-headed ogre
  8457 | D:8      | Killed a two-headed ogre
  8458 | D:8      | Reached skill level 8 in Long Blades
  8597 | D:8      | Reached skill level 5 in Invocations
  8624 | D:8      | Reached ***** piety under Okawaru
  8646 | D:8      | Learned a level 1 spell: Sting
  8650 | D:8      | Learned a level 3 spell: Ignite Poison
  8654 | D:8      | Learned a level 3 spell: Mephitic Cloud
  8751 | D:8      | Found a sacrificial altar of Ru.
  8751 | D:8      | Found a bloodstained altar of Trog.
  8916 | Lair:1   | Entered Level 1 of the Lair of Beasts
  8916 | Lair:1   | Noticed Maggie
  9015 | D:9      | Found a stormy altar of Qazlal.
  9040 | D:9      | HP: 2/77 [steam dragon/ball of steam (16)]
  9166 | D:9      | Found an opulent altar of Gozag.
  9260 | D:9      | Received a gift from Okawaru
  9381 | D:9      | Reached skill level 1 in Translocations
  9449 | D:9      | Reached skill level 1 in Poison Magic
  9560 | D:9      | Reached XP level 11. HP: 33/83 MP: 17/17
  9698 | D:9      | Received a gift from Okawaru
  9993 | D:10     | Entered Level 10 of the Dungeon
  9997 | D:10     | Noticed a deep elf pyromancer
 10004 | D:10     | Killed a deep elf pyromancer
 10005 | D:10     | Reached skill level 9 in Long Blades
 10081 | D:10     | Noticed an orange crystal statue
 10300 | D:10     | Reached skill level 1 in Fire Magic
 10332 | D:10     | Noticed a two-headed ogre
 10349 | D:10     | Killed a two-headed ogre
 10350 | D:10     | Reached skill level 5 in Spellcasting
 10350 | D:10     | Reached skill level 1 in Transmutations
 10711 | Lair:1   | Killed Maggie
 11313 | Lair:1   | Reached skill level 5 in Evocations
 11316 | Lair:1   | Identified the +7 great sword "Wele" {flame, rC+} (Okawaru
                  | gifted it to you on level 1 of the Lair of Beasts)
 11316 | Lair:1   | Received a gift from Okawaru
 11563 | Lair:1   | Reached skill level 5 in Dodging
 11563 | Lair:1   | Reached XP level 12. HP: 37/91 MP: 21/21
 11658 | Lair:1   | Noticed Joseph
 11671 | Lair:1   | Killed Joseph
 11782 | Lair:1   | Mangled by a black mamba

Illustrated notes

Levels and vault maps discovered:
D:1:      amcnicky_arrival_feature_with_door, layout_loops_ring,
          ebering_ecumenical_altar_rust
D:2:      layout_basic, minmay_misc_feat_square
D:3:      layout_basic, overflow_temple_1_default, uniq_purgy
D:4:      layout_loops_ring, zin_scriptorium, lemuel_doored_altar,
          xom_butterflies, minmay_temple_entry_statues_pillars, serial_shops,
          nicolae_shop_behind_doors, uniq_sigmund, uniq_edmund
D:5:      layout_cave_pods, fedhas_altar_3, portal_sewer_entry_a
D:6:      layout_layer_cave, grunt_dithmenos_smoke_and_mirrors, uniq_duvessa
D:7:      layout_basic, tso_metal_star, kennysheep_mini_moat,
          supply_closet_lemuel, minmay_fractal_squares_diagonal_5
D:8:      layout_rooms, gammafunk_temple_overflow_elements,
          minmay_lair_entry_grove
D:9:      layout_roguey, nicolae_qazlal_style_of_elements, lemuel_tele_altar,
          serial_bayou, serial_bayou_pond_d, serial_bayou_lagoon_a,
          serial_bayou_pond_e, serial_bayou_shore_b, st_stairs_3,
          minmay_misc_feat_doors
D:10:     layout_big_octagon, elyvilon_altar_3, minivault_16
Temple:   compressed_dpeg_triangle_lava_temple
Lair:1:   layout_loops_ring, uniq_maggie, uniq_joseph
Lair:2:   layout_regular_city, nicolae_spider_entry_orb_guardian,
          grunt_megastairs_5

Skill      XL: |  1  2  3  4  5  6  7  8  9 10 11 |
---------------+----------------------------------+-----
Stealth        | 1 2 3 4 |  4.0
Long Blades    | 3 4 5 6 7 8 9 |  9.7
Throwing       | 2 3 4 |  4.3
Dodging        | 3 4 5 |  5.0
Fighting       | 3 4 5 6 7 |  7.6
Invocations    | 1 2 4 5 6 |  6.0
Evocations     | 1 3 4 5 |  5.2
Spellcasting   | 2 4 6 |  6.0
Translocations | 1 2 |  2.0
Poison Magic   | 1 2 |  2.0
Fire Magic     | 2 |  2.0
Transmutations | 2 |  2.0

Action                   |  1- 3 |  4- 6 |  7- 9 | 10-12 || total
-------------------------+-------+-------+-------+-------++-------
Melee: Long sword        |   136 |   173 |   421 |   375 ||  1105
       Punch             |       |       |       |     3 ||     3
       Great sword       |       |       |       |    28 ||    28
Throw: Throwing net      |       |     2 |     1 |       ||     3
       Dart              |       |       |       |    16 ||    16
       Javelin           |       |       |       |     2 ||     2
 Cast: Ignite Poison     |       |       |       |     3 ||     3
Invok: Heroism           |       |       |     1 |     4 ||     5
Evoke: Wand              |       |       |     1 |     6 ||     7
       Piece from Xom's  |       |       |     1 |       ||     1
  Use: Scroll            |       |     5 |    10 |     2 ||    17
 Stab: Held in net/web   |       |     1 |       |       ||     1
       Sleeping          |       |     1 |    11 |     1 ||    13
       Paralysed         |       |       |     3 |       ||     3
Armor: Leather armour    |    38 |       |       |       ||    38
       Ring mail         |     9 |    84 |       |       ||    93
       Troll leather arm |       |    18 |   117 |    70 ||   205
       Scale mail        |       |       |    31 |     1 ||    32
Dodge: Dodged            |   121 |   138 |   424 |   390 ||  1073
       Rpst.: Long sword |    33 |    35 |   116 |   100 ||   284
       Great sword       |       |       |       |    12 ||    12

Table legend: (Time is in decaauts)
 A = Elapsed time spent in this place.
 B = Non-inter-level travel time spent in this place.
 C = Inter-level travel time spent in this place.
 D = Time resting spent in this place.
 E = Time spent auto-exploring this place.
 F = Levels seen in this place.
 G = Mean time per level.
                   A        B        C        D        E       F      G
               +--------+--------+--------+--------+--------+-----+--------+
         Total |  11912 |  11532 |    380 |    783 |   5992 |  14 |  850.9 |
       Dungeon |  10164 |   9795 |    369 |    783 |   5068 |  10 | 1016.4 |
        Temple |     77 |     77 |      0 |      0 |      0 |   1 |   77.0 |
          Lair |   1090 |   1079 |     11 |      0 |    615 |   2 |  545.0 |
         Sewer |    579 |    579 |      0 |      0 |    309 |   1 |  579.0 |
               +--------+--------+--------+--------+--------+-----+--------+

Top non-repeatable levels by time:
     D:1: 1682 daAuts
     D:7: 1134 daAuts
     D:3: 1108 daAuts
  Lair:1: 1085 daAuts
     D:2: 1081 daAuts
     D:9: 1022 daAuts
     D:4: 940 daAuts
     D:5: 911 daAuts
     D:8: 886 daAuts
     D:6: 780 daAuts
    D:10: 615 daAuts
   Sewer: 579 daAuts
  Temple: 77 daAuts
  Lair:2: 5 daAuts
